 Dungeon Sprint DCSS version 0.30.1-4-g462c640d31 (webtiles) character file.

Game seed: 11107102336650827449

697 Heoruswealwe the Grappler (level 7, 0/78 HPs)
             Began as a Troll Berserker on Aug 17, 2023.
             Was a Priest of Trog.
             Slain by a sixfirhy (9 damage)
             ... summoned by a kobold demonologist
             ... in the Dungeon (Sprint I: "Red Sonja").
             The game lasted 00:03:19 (256 turns).

Heoruswealwe the Grappler (Troll Berserker)          Turns: 256, Time: 00:03:21

Health: 0/78       AC:  4    Str: 28    XL:     7   Next: 37%
Magic:  6/6        EV: 11    Int:  3    God:    Trog [***...]
Gold:   459        SH:  0    Dex:  9    Spells: 6/6 levels left

rFire   . .          .
                       - Unarmed
rCold   . . .        (no shield)
rNeg    . . .        a - +0 animal skin
rPois   .            (helmet restricted)
rElec   .            (no cloak)
rCorr   .            (gloves unavailable)
SInv    .            (boots unavailable)
Will    .....        (no amulet)
Stlth   +            (no ring)
HPRegen 1.13/turn    (no ring)
MPRegen 0.10/turn

%: no teleportation
@: no status effects
A: large, unfitting armour, claws 3, regeneration 1, shaggy fur 1, tough skin 1
a: Renounce Religion, Berserk, Trog's Hand


You were in the Dungeon.
You worshipped Trog.
Trog was most pleased with you.
You visited 1 branch You collected 459 gold pieces.

Inventory:

Armour
 a - a +0 animal skin (worn)
Wands
 h - a wand of digging (6)
Scrolls
 f - a scroll of identify {unknown}
 g - a scroll of blinking
Potions
 b - a potion of curing
 d - a potion of haste
 e - 2 potions of magic
 i - a potion of brilliance {unknown}
 j - a potion of invisibility {unknown}


   Skills:
 + Level 7.2 Fighting
 + Level 7.2 Dodging
 * Level 11.8 Unarmed Combat


You had 6 spell levels left.
You didn't know any spells.
Your spell library was empty.

Dungeon Overview and Level Annotations

Branches:
Dungeon (1/1)

Altars:
Cheibriados
Dithmenos
Elyvilon
Fedhas
Gozag
Hepliaklqana
Kikubaaqudgha
Makhleb
Nemelex Xobeh
Okawaru
Qazlal
Ru
Sif Muna
Trog
Uskayaw
Vehumet
Wu Jian
Xom
Yredelemnul
Zin
The Shining One
Jiyva
Lugonu

Shops:
D (


Innate Abilities, Weirdness & Mutations

You are too large for most types of armour.
You have claws for hands.
Your natural rate of healing is unusually fast.
You are covered in fur. (AC +1)
You have tough skin. (AC +1)


Message History

You miss the crimson imp. You claw the crimson imp.
The crimson imp is moderately wounded.
The crimson imp barely misses you.
You miss the crimson imp.
The crimson imp is lightly wounded.
The sixfirhy hits you but does no damage.
The sixfirhy barely misses you.
The sixfirhy hits you but does no damage.
The crimson imp misses you.
You mangle the crimson imp!!
You kill the crimson imp!
The crimson imp disappears in a puff of smoke!
The sixfirhy barely misses you. The sixfirhy hits you. The sixfirhy shocks you!
The sixfirhy hits you! The sixfirhy shocks you!
The crimson imp shouts, "Go and return not, thou currish elf-skinned skainsmate!"
You claw the kobold demonologist!
The kobold demonologist is moderately wounded.
The sixfirhy hits you! The sixfirhy shocks you!
* * * LOW HITPOINT WARNING * * *
The kobold demonologist hits you but does no damage.
You claw the kobold demonologist!
The kobold demonologist is heavily wounded.
The kobold demonologist hits you with a +0 dagger.
* * * LOW HITPOINT WARNING * * *
You closely miss the kobold demonologist.
The kobold demonologist is heavily wounded.
The crimson imp lashes its tail.
You closely miss the kobold demonologist.
The kobold demonologist is heavily wounded.
The sixfirhy closely misses you.
The sixfirhy hits you but does no damage.
The kobold demonologist hits you but does no damage.
The crimson imp blinks!
You feel much better. The sixfirhy hits you! The sixfirhy shocks you!
The sixfirhy hits you. The sixfirhy shocks you!
* * * LOW HITPOINT WARNING * * *
The sixfirhy closely misses you. The sixfirhy hits you!
* * * LOW HITPOINT WARNING * * *
The sixfirhy shocks you!
You die...

#####################
.)..#..'..#__#5.@35.#
.#..').#..'..'..#K§.#
###'#####'#__####K..+
##..#...#.#### ####
_####..##.#
____##'#_.+
.∩...'..._#
..__##_.#'#
____###+#)#


You could see 2 kobold demonologists, a sixfirhy (summoned), a quasit (summoned)
and a crimson imp (summoned).

Vanquished Creatures
  A slime creature (D)
  Sigmund (D)
  A yak (D)
  A floating eye (D)
  An ogre (D)
  A jelly (D)
  Ijyb (D)
7 creatures vanquished.

Notes
Turn   | Place    | Note
-------+----------+-------------------------------------------
     0 | D        | Heoruswealwe the Troll Berserker began the quest for the
                  | Orb.
     0 | D        | Reached XP level 1. HP: 22/22 MP: 0/0
     1 | D        | Noticed Ijyb
    16 | D        | Killed Ijyb
    17 | D        | Reached skill level 5 in Unarmed Combat
    17 | D        | Reached XP level 2. HP: 7/31 MP: 1/1
    41 | D        | Noticed an ogre
    44 | D        | Killed an ogre
    45 | D        | Reached skill level 7 in Unarmed Combat
    45 | D        | Reached XP level 3. HP: 40/40 MP: 2/2
    45 | D        | Reached XP level 4. HP: 49/49 MP: 3/3
    93 | D        | Noticed Sigmund
   104 | D        | Killed Sigmund
   104 | D        | Reached ** piety under Trog
   105 | D        | Reached skill level 5 in Fighting
   105 | D        | Reached skill level 5 in Dodging
   105 | D        | Reached skill level 9 in Unarmed Combat
   105 | D        | Reached XP level 5. HP: 52/59 MP: 4/4
   118 | D        | Found a burning altar of Makhleb.
   118 | D        | Found a viscous altar of Jiyva.
   118 | D        | Found a shimmering altar of Xom.
   118 | D        | Found a corrupted altar of Lugonu.
   118 | D        | Noticed a slime creature
   122 | D        | Killed a slime creature
   123 | D        | Reached skill level 10 in Unarmed Combat
   123 | D        | Reached XP level 6. HP: 47/68 MP: 5/5
   158 | D        | Found an ornate altar of the Wu Jian Council.
   158 | D        | Found a shimmering blue altar of Sif Muna.
   160 | D        | Found a radiant altar of Vehumet.
   189 | D        | Found Teos's Weapon Emporium.
   189 | D        | Found an ancient bone altar of Kikubaaqudgha.
   189 | D        | Found a hazy altar of Hepliaklqana.
   189 | D        | Found a stormy altar of Qazlal.
   189 | D        | Found a hide-covered altar of Uskayaw.
   189 | D        | Found a blossoming altar of Fedhas.
   189 | D        | Found a bloodstained altar of Trog.
   189 | D        | Found an iron altar of Okawaru.
   189 | D        | Found a basalt altar of Yredelemnul.
   189 | D        | Found a glowing golden altar of the Shining One.
   189 | D        | Found a snail-covered altar of Cheibriados.
   189 | D        | Found a sacrificial altar of Ru.
   189 | D        | Found a glowing silver altar of Zin.
   189 | D        | Found a shadowy altar of Dithmenos.
   189 | D        | Found a white marble altar of Elyvilon.
   189 | D        | Noticed a yak
   197 | D        | Killed a yak
   197 | D        | Reached *** piety under Trog
   198 | D        | Reached skill level 11 in Unarmed Combat
   198 | D        | Reached XP level 7. HP: 43/78 MP: 6/6
   198 | D        | Found an opulent altar of Gozag.
   199 | D        | Found a sparkling altar of Nemelex Xobeh.
   245 | D        | Noticed a kobold demonologist
   246 | D        | Noticed a kobold demonologist
   249 | D        | Noticed a sixfirhy
   256 | D        | Slain by a sixfirhy

Illustrated notes

Levels and vault maps discovered:
D:        dungeon_sprint_1 [red_sonja_temple_1, red_sonja_temple_small_1]

Skill      XL: |  1  2  3  4  5  6 |
---------------+-------------------+-----
Fighting       | 3 4 5 6 7 |  7.2
Dodging        | 3 4 5 6 7 |  7.2
Unarmed Combat | 5 7 9 10 11 | 11.8

Action                     |  1- 3 |  4- 6 |  7- 9 || total
---------------------------+-------+-------+-------++-------
  Melee: Unarmed           |    16 |    15 |     9 ||    40
         Punch             |     2 |     2 |     1 ||     5
  Evoke: Wand              |     1 |       |       ||     1
    Use: Potion            |     1 |       |     1 ||     2
 Armour: Animal skin       |     2 |       |     5 ||     7
  Dodge: Dodged            |     3 |     5 |     7 ||    15
